 Dungeon Crawl Stone Soup version 0.22.0-5-gf09313c (webtiles) character file.

7455 mopl the Covert (level 10, -22/44 HPs)
             Began as a Spriggan Enchanter on Aug 13, 2018.
             Was a Believer of Ashenzari.
             Hit by a poisoned javelin thrown by a minotaur (36 damage)
             ... in a labyrinth.
             The game lasted 00:25:27 (8295 turns).

mopl the Covert (Spriggan Enchanter)                Turns: 8295, Time: 00:25:28

Health: -22/44     AC:  3    Str:  4    XL:     10   Next: 94%
Magic:  32/32      EV: 21    Int: 17    God:    Ashenzari [**....]
Gold:   133        SH:  2    Dex: 20    Spells: 13/25 levels left

rFire    + + .     SeeInvis +   b - +0 blowgun
rCold    + . .     Gourm    .   (shield restricted)
rNeg     . . .     Faith    .   I - +1 robe {rF+}
rPois    .         Spirit   .   (helmet restricted)
rElec    .         Reflect  +   P - scarf {rC+ rF+}
rCorr    .         Harm     .   (gloves unavailable)
MR       +....     Rnd*Tele +   (boots unavailable)
Stlth    ++++++....             A - +2 amulet of reflection
HPRegen  0.14/turn              F - ring of magical power
MPRegen  0.23/turn              k - ring of teleportation (curse)

@: lethally poisoned (-22 -> -33), very quick
A: very small, unfitting armour, see invisible, herbivore, speed 3, slow
metabolism 2
a: Curse Item, Scrying, Renounce Religion


You were in a labyrinth.
You worshipped Ashenzari.
Ashenzari was pleased with you.
You were not hungry.

You visited 2 branches of the dungeon, and saw 11 of its levels.
You also visited: Labyrinth and Ossuary.

You collected 408 gold pieces.
You spent 275 gold pieces at shops.

Inventory:

Hand Weapons
 a - a +1 dagger of venom
 b - a +0 blowgun (weapon)
 x - a +2 short sword of protection
Missiles
 r - 20 poisoned needles (quivered)
 v - 8 tomahawks
 S - 2 tomahawks of dispersal
 Z - 6 needles of confusion
Armour
 I - a +1 robe of fire resistance (worn)
 P - a scarf of resistance (worn)
 Q - a +0 buckler
Jewellery
 k - a cursed ring of teleportation (right hand)
 l - an uncursed ring of protection from cold
 A - a +2 amulet of reflection (around neck)
 B - an uncursed ring of flight
 D - an uncursed amulet of guardian spirit
 F - a ring of magical power (left hand)
 O - a +4 ring of strength
Wands
 p - a wand of flame (52)
 q - a wand of scattershot (4)
 t - a wand of digging (29)
 u - a wand of iceblast (16)
 R - a wand of disintegration (19)
 X - a wand of acid (12)
Scrolls
 f - 10 scrolls of identify {unknown}
 m - a scroll of noise {unknown}
 o - a scroll of enchant armour {unknown}
 s - a scroll of random uselessness {unknown}
 w - 2 scrolls of enchant weapon {unknown}
 y - 3 scrolls of immolation {unknown}
 z - 4 scrolls of remove curse
 C - a scroll of magic mapping {unknown}
 G - 4 scrolls of teleportation {unknown}
 M - 2 scrolls of amnesia {unknown}
 N - 2 scrolls of fear {unknown}
 T - 2 scrolls of holy word {unknown}
 U - a scroll of blinking {unknown}
 V - a scroll of torment {unknown}
 Y - a scroll of vulnerability {unknown}
Potions
 c - 4 potions of heal wounds
 e - a potion of cancellation {unknown}
 g - 4 potions of brilliance
 h - a potion of flight {unknown}
 i - 4 potions of lignification {!q}
 j - 2 potions of curing {unknown}
 n - 3 potions of agility
 E - 2 potions of resistance {unknown}
 H - a potion of magic
 J - 3 potions of might {unknown}
 K - a potion of mutation {unknown}
 L - 3 potions of ambrosia {unknown}
Miscellaneous
 W - a lamp of fire (inert)
Comestibles
 d - 8 rations


   Skills:
 + Level 4.7 Short Blades
 + Level 2.3 Throwing
 + Level 4.8 Dodging
 * Level 13.4 Stealth
 + Level 2.4 Shields
 - Level 8.0 Spellcasting
 - Level 3.0 Conjurations
 * Level 10.8 Hexes
 + Level 4.5 Ice Magic
 + Level 1.0 Evocations


You had 13 spell levels left.
You knew the following spells:

 Your Spells              Type           Power        Failure   Level  Hunger
a - Corona                Hex            #####..      1%          1    None
b - Ensorcelled Hibernat  Hex/Ice        ####..       1%          2    None
c - Confuse               Hex            #####...     1%          3    #......
d - Tukima's Dance        Hex            #####...     1%          3    #......
f - Dazzling Spray        Conj/Hex       ####..       1%          3    #......

Your spell library contained the following spells:

 Spells                   Type           Power        Failure   Level  Hunger
 Regeneration             Chrm/Necr      #.........   30%         3    #......
 Shroud of Golubria       Chrm/Tloc      #.........   16%         2    None
 Infusion                 Chrm           #...         11%         1    None
 Song of Slaying          Chrm           #.......     16%         2    None
 Spectral Weapon          Hex/Chrm       ####....     3%          3    #......


Dungeon Overview and Level Annotations

Branches:
Dungeon (8/15)             Temple (0/1) D:6            Lair (3/6) D:8
  Swamp: Lair:2-4    Shoals: Lair:2-4     Snake: Lair:2-4    Spider: Lair:2-4

Altars:
Ashenzari
Dithmenos
Fedhas
Hepliaklqana
Makhleb
Vehumet
Wu Jian
Xom
The Shining One

Shops:
D:8 !


Innate Abilities, Weirdness & Mutations

You are very small and have problems with some larger weapons.
You are too small for most types of armour.
You have supernaturally acute eyesight. (SInv)
You are a herbivore.
You cover ground extremely quickly.
You need to consume almost no food.


Message History

Press: ? - help, Dir - move target cursor, f - minotaur
Aim: a minotaur, wielding a vampiric lajatang, wearing a plate armour, wearing a dented zirconium amulet and quivering 10 poisoned javelins The flames dance!
The trail of fire hits the minotaur.
The minotaur appears unharmed.
The minotaur is engulfed in blazing flames.
The minotaur throws a poisoned javelin.
The poisoned javelin hits you!!
Ouch! That really hurt!
You are poisoned.
Unknown command.
Firing (i - inventory. (/) - cycle)
r - 21 poisoned needles (quivered)
Press: ? - help, Shift-Dir - straight line, f/p - minotaur
Aim: a minotaur, wielding a vampiric lajatang, wearing a plate armour, wearing a dented zirconium amulet and quivering 9 poisoned javelins (flame, lightly wounded)
You shoot a poisoned needle. The poisoned needle hits the minotaur.
The minotaur is poisoned.
The minotaur is lightly wounded.
You feel sick.
The minotaur is engulfed in blazing flames.
The minotaur throws a poisoned javelin.
The poisoned javelin hits you!!!
Ouch! That really hurt!
You die...

.* #.### #, * .
,#.... ,.* * ,#
...,. . .. **
,* #. ########
#, ,,* #
#*#,.#........#
, , . # .#.#
####. , , *# #.
#.# {{ #.#, , *
,,,*...
#.####H#.#, ,*
* #*.
#@ยงยงยงยง.#. ,
,#,.########.#
* , *
,#.,.......,. *
,#..###### ##
*,, , ## . , ,
* , , ...,,, ,
* ** #.#. * *
*,** ,#.* , * *
#. ## * ** *


You could see a minotaur.

Vanquished Creatures
  2 black mambas
  2 spiny frogs
  A komodo dragon (Lair:1)
  A dream sheep (D:5)
  A hornet (D:8)
  A blink frog (Lair:2)
  2 hippogriffs
  3 yaks (Lair:1)
  4 hungry ghosts (Lab)
  A basilisk (Lair:3)
  Edmund (D:6)
  6 water moccasins
  5 porcupines
  Duvessa (D:6)
  A phantom (D:7)
  An ice beast (D:6)
  An orc warrior (D:8)
  A black bear (D:8)
  A sky beast (D:5)
  3 ogres (D:5)
  2 centaurs (D:5)
  2 crocodiles (Lair:1)
  Blork the orc (D:6)
  4 bullfrogs
  Dowan (D:6)
  A water moccasin zombie (Ossuary)
  3 scorpions
  A howler monkey (D:5)
  3 crimson imps
  4 lava snakes (Lab)
  2 jellies (D:6)
  A gnoll shaman (D:6)
  10 orc wizards
  Jessica (D:3)
  Natasha (thrice) (D:3)
  Ijyb (D:3)
  3 big kobold zombies (Ossuary)
  A hound skeleton (D:6)
  2 mummies (Ossuary)
  7 gnolls
  13 adders
  3 shadow imps
  An ooze (D:4)
  4 adder zombies (Ossuary)
  2 worms
  3 dart slugs
  7 leopard geckos
  8 orcs
  13 bats
  5 giant cockroaches
  10 goblins
  7 hobgoblins
  7 quokkas
  3 ball pythons
  17 frilled lizards
  A hobgoblin zombie (Ossuary)
  13 kobolds
  3 kobold zombies (Ossuary)
  A leopard gecko skeleton (D:8)
  2 orc zombies (Ossuary)
  A quokka skeleton (D:6)
  4 rats
220 creatures vanquished.

Vanquished Creatures (collateral kills)
  Terence (D:2)
  A dart slug (D:2)
2 creatures vanquished.

Vanquished Creatures (others)
  A ghoul (D:1)
  A draconian (D:1)
  2 octopodes (D:1)
  A gargoyle (D:1)
  2 elves (D:1)
  2 trolls (D:1)
  4 dream sheep (D:5)
  A spriggan (D:1)
  A vampire (D:1)
  A human (D:1)
  2 dancing weapons (D:2)
  A dwarf (D:1)
  A mummy (D:1)
  An orc (D:1)
  A kobold zombie (Ossuary)
  5 fungi
  A plant (D:8)
  5 tentacles (D:1)
33 creatures vanquished.

Grand Total: 255 creatures vanquished

Notes
Turn   | Place    | Note
-------+----------+-------------------------------------------
     0 | D:1      | mopl the Spriggan Enchanter began the quest for the Orb.
     0 | D:1      | Reached XP level 1. HP: 9/9 MP: 5/5
     3 | D:1      | Killed a vampire
     5 | D:1      | Noticed an octopode
     5 | D:1      | Noticed a troll
     5 | D:1      | Noticed an octopode
     5 | D:1      | Noticed a dwarf
     5 | D:1      | Noticed a kraken
     5 | D:1      | Noticed a draconian
     5 | D:1      | Noticed a spriggan
     5 | D:1      | Noticed a troll
     5 | D:1      | Noticed a human
     5 | D:1      | Noticed an elf
     5 | D:1      | Noticed a gargoyle
     5 | D:1      | Noticed a ghoul
     5 | D:1      | Noticed an elf
     8 | D:1      | Killed an octopode
    10 | D:1      | Killed an octopode
    11 | D:1      | Killed a dwarf
    13 | D:1      | Killed a troll
    14 | D:1      | Killed a spriggan
    16 | D:1      | Killed a gargoyle
    16 | D:1      | Killed a draconian
    17 | D:1      | Killed an elf
    19 | D:1      | Killed a human
    20 | D:1      | Killed an elf
    21 | D:1      | Killed a troll
    25 | D:1      | Killed a ghoul
    87 | D:1      | Reached skill level 3 in Spellcasting
    94 | D:1      | Reached XP level 2. HP: 10/13 MP: 4/7
   107 | D:1      | Learned a level 2 spell: Ensorcelled Hibernation
   299 | D:1      | Reached skill level 4 in Hexes
   412 | D:1      | Reached skill level 5 in Stealth
   893 | D:1      | Reached XP level 3. HP: 16/16 MP: 1/8
   898 | D:1      | Learned a level 3 spell: Confuse
  1435 | D:2      | Reached skill level 1 in Ice Magic
  1444 | D:2      | Learned a level 3 spell: Tukima's Dance
  1456 | D:2      | Noticed Terence
  1471 | D:2      | Reached XP level 4. HP: 15/21 MP: 2/10
  1480 | D:2      | Killed Terence
  1692 | D:2      | You fall through a shaft!
  1811 | D:3      | Noticed Ijyb
  1822 | D:3      | Killed Ijyb
  2064 | D:2      | Reached skill level 4 in Spellcasting
  2064 | D:2      | Reached XP level 5. HP: 24/24 MP: 8/12
  2069 | D:2      | Learned a level 3 spell: Dazzling Spray
  2458 | D:2      | Reached skill level 6 in Stealth
  2682 | D:1      | Reached skill level 5 in Hexes
  3129 | D:3      | Noticed Natasha
  3147 | D:3      | Killed Natasha
  3160 | D:3      | Noticed Natasha
  3166 | D:3      | Killed Natasha
  3166 | D:3      | Reached XP level 6. HP: 28/28 MP: 7/13
  3322 | D:3      | Noticed Natasha
  3329 | D:3      | Killed Natasha
  3357 | D:3      | Found a shattered altar of Ashenzari.
  3485 | D:3      | Became a worshipper of Ashenzari the Shackled
  3554 | D:3      | Noticed Jessica
  3561 | D:3      | Killed Jessica
  3585 | D:3      | Found a hazy altar of Hepliaklqana.
  3586 | D:3      | Found an ornate altar of the Wu Jian Council.
  3590 | D:3      | Reached skill level 2 in Ice Magic
  3792 | D:4      | Found a radiant altar of Vehumet.
  3899 | D:4      | Reached skill level 1 in Conjurations
  4111 | D:4      | Reached skill level 7 in Stealth
  4443 | D:5      | Entered Level 5 of the Dungeon
  4629 | D:5      | Reached skill level 6 in Hexes
  4629 | D:5      | Reached XP level 7. HP: 30/32 MP: 15/15
  4636 | D:5      | Reached skill level 5 in Spellcasting
  4677 | D:5      | Reached skill level 8 in Stealth
  4994 | D:5      | Reached skill level 2 in Conjurations
  4998 | D:5      | Noticed a dream sheep
  4998 | D:5      | Noticed a dream sheep
  4998 | D:5      | Noticed a dream sheep
  4998 | D:5      | Noticed a dream sheep
  4998 | D:5      | Noticed a dream sheep
  4998 | D:5      | Found a shimmering altar of Xom.
  5003 | D:5      | Killed a dream sheep
  5003 | D:5      | Killed a dream sheep
  5004 | D:5      | Killed a dream sheep
  5004 | D:5      | Killed a dream sheep
  5008 | D:5      | Killed a dream sheep
  5008 | D:5      | Reached skill level 7 in Hexes
  5008 | D:5      | Reached XP level 8. HP: 11/36 MP: 14/17
  5281 | D:5      | Reached skill level 9 in Stealth
  5363 | D:6      | Found a blossoming altar of Fedhas.
  5387 | D:6      | Reached skill level 3 in Ice Magic
  5413 | D:6      | Found a staircase to the Ecumenical Temple.
  5484 | D:6      | Found a burning altar of Makhleb.
  5492 | D:6      | Noticed Duvessa
  5492 | D:6      | Noticed Dowan
  5502 | D:6      | Killed Duvessa
  5504 | D:6      | Killed Dowan
  5565 | D:6      | Noticed Edmund
  5677 | D:6      | Noticed Blork the orc
  5679 | D:6      | Killed Edmund
  5679 | D:6      | Reached skill level 10 in Stealth
  5679 | D:6      | Reached skill level 6 in Spellcasting
  5679 | D:6      | Reached skill level 8 in Hexes
  5689 | D:6      | Killed Blork the orc
  5759 | D:6      | Reached XP level 9. HP: 39/39 MP: 19/19
  5877 | D:6      | Reached * piety under Ashenzari
  6172 | D:6      | Found a burning altar of Makhleb.
  6281 | D:8      | Found Cikhojep's Distillery.
  6290 | D:8      | Reached skill level 2 in Short Blades
  6290 | D:8      | Reached skill level 3 in Conjurations
  6300 | D:8      | Bought a potion of agility for 44 gold pieces
  6300 | D:8      | Bought a potion of degeneration for 11 gold pieces
  6300 | D:8      | Bought a potion of heal wounds for 55 gold pieces
  6300 | D:8      | Bought a potion of brilliance for 44 gold pieces
  6300 | D:8      | Bought a potion of magic for 88 gold pieces
  6300 | D:8      | Bought a potion of lignification for 33 gold pieces
  6409 | D:8      | Found a glowing golden altar of the Shining One.
  6423 | D:8      | Found a shadowy altar of Dithmenos.
  6515 | D:8      | Found a sand-covered staircase.
  6524 | Ossuary  | Entered an ossuary
  6562 | Ossuary  | Reached skill level 11 in Stealth
  6635 | Ossuary  | Reached skill level 9 in Hexes
  6840 | D:8      | Found a staircase to the Lair.
  6850 | D:8      | Reached skill level 4 in Ice Magic
  6962 | D:8      | Reached skill level 3 in Short Blades
  7012 | Lair:1   | Entered Level 1 of the Lair of Beasts
  7014 | Lair:1   | Reached skill level 7 in Spellcasting
  7021 | Lair:1   | Reached skill level 1 in Shields
  7024 | Lair:1   | Reached skill level 12 in Stealth
  7086 | Lair:1   | Noticed a spiny frog
  7099 | Lair:1   | Reached XP level 10. HP: 26/44 MP: 21/21
  7167 | Lair:1   | Reached skill level 10 in Hexes
  7201 | Lair:1   | Killed a spiny frog
  7222 | Lair:1   | Reached skill level 4 in Short Blades
  7242 | Lair:2   | Reached skill level 1 in Throwing
  7478 | Lair:2   | Noticed a black mamba
  7483 | Lair:2   | Killed a black mamba
  7483 | Lair:2   | Reached skill level 2 in Shields
  7543 | Lair:3   | Reached skill level 4 in Dodging
  7560 | Lair:3   | Noticed a spiny frog
  7580 | Lair:3   | Noticed a black mamba
  7592 | Lair:3   | Killed a black mamba
  7592 | Lair:3   | Reached skill level 13 in Stealth
  7608 | Lair:3   | Reached skill level 2 in Throwing
  7616 | Lair:3   | Reached ** piety under Ashenzari
  7618 | Lair:3   | Killed a spiny frog
  7640 | Lair:3   | Found a labyrinth entrance.
  7651 | Lab      | Entered a labyrinth
  7919 | Lab      | Reached skill level 8 in Spellcasting
  8197 | Lab      | Reached skill level 1 in Evocations
  8284 | Lab      | Noticed a minotaur
  8295 | Lab      | Hit by a poisoned javelin thrown by a minotaur

Skill      XL: |  1  2  3  4  5  6  7  8  9 10 |
---------------+-------------------------------+-----
Spellcasting   | 3 4 5 6 7 8 |  8.0
Hexes          | 4 5 6 7 8 9 10 | 10.8
Stealth        | 5 6 7 8 10 12 13 | 13.4
Ice Magic      | 1 2 3 4 |  4.5
Conjurations   | 1 2 3 |  3.0
Short Blades   | 3 4 |  4.7
Shields        | 1 2 |  2.4
Throwing       | 2 |  2.3
Dodging        | 4 |  4.8
Evocations     | 1 |  1.0

Action                   |  1- 3 |  4- 6 |  7- 9 | 10-12 || total
-------------------------+-------+-------+-------+-------++-------
Melee: Dagger            |   144 |   180 |   187 |    31 ||   542
 Fire: Blowgun           |       |     2 |       |     1 ||     3
Throw: Tomahawk          |       |     2 |     4 |       ||     6
 Cast: Corona            |     4 |     2 |       |       ||     6
       Ensorcelled Hiber |    18 |    47 |    69 |    29 ||   163
       Confuse           |     1 |     4 |    18 |     1 ||    24
       Tukima's Dance    |     1 |     5 |       |       ||     6
 Abil: Evoke Flight      |       |       |       |     1 ||     1
Evoke: Wand              |       |       |       |     1 ||     1
       Lamp of fire      |       |       |       |     1 ||     1
 Stab: Sleeping          |    20 |    45 |    65 |    24 ||   154
       Confused          |       |     2 |     8 |     1 ||    11
  Eat: Ration            |       |     3 |     2 |     1 ||     6
Armor: Robe              |    20 |     8 |     6 |     1 ||    35
Dodge: Dodged            |   142 |   153 |   113 |     5 ||   413
Block: Other             |       |     8 |    11 |       ||    19
